 Dungeon Crawl Stone Soup version 0.28.0-53-g5a82cb258f (webtiles) character file.

Game seed: 16739040756363773059

3880 DocClef the Grappler (level 10, -10/82 HPs)
             Began as a Demonspawn Gladiator on July 6, 2022.
             Was a Priest of Okawaru.
             Mangled by a two-headed ogre
             ... wielding a +0 giant club
              (12 damage)
             ... on level 9 of the Dungeon.
             The game lasted 00:09:00 (6293 turns).

DocClef the Grappler (Demonspawn Gladiator)         Turns: 6293, Time: 00:09:00

Health: -10/82     AC: 13    Str: 20    XL:     10   Next: 0%
Magic:  8/10       EV: 12    Int:  9    God:    Okawaru [***...]
Gold:   318        SH:  0    Dex: 22    Spells: 9/9 levels left

rFire   + + .      SeeInvis .   m - +2 short sword (venom)
rCold   . . .      Faith    .   (no shield)
rNeg    + + .      Spirit   .   u - +5 ring mail of Omission {rF+ rN++ Dex+4 Slay+2}
rPois   .          Reflect  .   c - +0 helmet
rElec   .          Harm     .   q - +0 cloak
rCorr   .          Rampage  .   p - +0 pair of gloves
Will    .....                   (no boots)
Stlth   +++.......              C - amulet of regeneration
HPRegen 1.03/turn               r - ring of protection from fire
MPRegen 0.12/turn               (no ring)

@: no status effects
A: claws 1, thin skeletal structure 2, (demonic guardian 1), spiny 2
a: Renounce Religion, Heroism


You were on level 9 of the Dungeon.
You worshipped Okawaru.
Okawaru was most pleased with you.
You visited 2 branches of the dungeon, and saw 10 of its levels.

You collected 318 gold pieces.

Inventory:

Hand Weapons
 m - a +2 short sword of venom (weapon)
Missiles
 d - 5 throwing nets (quivered)
 D - 6 poisoned darts
Armour
 b - a +0 leather armour
 c - a +0 helmet (worn)
 p - a +0 pair of gloves (worn)
 q - a +0 cloak (worn)
 u - the +5 ring mail of Omission (worn) {rF+ rN++ Dex+4 Slay+2}
   (You found it on level 4 of the Dungeon)

   Dex:       It affects your dexterity (+4).
   Slay:      It affects your accuracy & damage with ranged weapons and melee
   (+2).
   rF:        It protects you from fire.
   rN:        It greatly protects you from negative energy.
 B - the +1 leather armour of the First Wars {Fly rElec rF++ Dex-3}
   (You found it on level 6 of the Dungeon)

   Dex:       It affects your dexterity (-3).
   rF:        It greatly protects you from fire.
   rElec:     It insulates you from electricity.
   Fly:       It grants you flight.
Jewellery
 o - an amulet of the acrobat
 r - a ring of protection from fire (left hand)
 C - an amulet of regeneration (around neck)
Wands
 s - a wand of iceblast (11)
 y - a wand of flame (15)
Scrolls
 a - a scroll of magic mapping {unknown}
 e - 4 scrolls of identify {unknown}
 f - a scroll of immolation {unknown}
 g - a scroll of blinking {unknown}
 h - 3 scrolls of amnesia {unknown}
 j - a scroll of vulnerability {unknown}
 k - 2 scrolls of enchant armour {unknown}
 n - 3 scrolls of teleportation {unknown}
 t - a scroll of noise {unknown}
 A - 2 scrolls of fog {unknown}
 E - a scroll of acquirement {unknown}
 F - a scroll of summoning {unknown}
Potions
 i - a potion of brilliance


   Skills:
 + Level 8.9 Fighting
 - Level 1.0 Short Blades
 - Level 4.8 Axes
 - Level 1.7 Throwing
 - Level 2.6 Dodging
 * Level 9.6 Unarmed Combat


You had 9 spell levels left.
You didn't know any spells.
Your spell library contained the following spells:

 Spells                   Type           Power      Damage    Failure   Level
 Beastly Appendage        Tmut           0%         N/A       56%         1
 Pain                     Necr           0%         1d4       56%         1
 Wereblood                Tmut           0%         N/A       71%         2
 Spider Form              Tmut/Pois      0%         N/A       91%         3
 Vampiric Draining        Necr           0%         2d6       91%         3
 Animate Skeleton         Necr           Unusable   N/A       N/A         1

Dungeon Overview and Level Annotations

Branches:
Dungeon (8/15)             Temple (1/1) D:5
   Lair: D:8-11

Altars:
Ashenzari
Cheibriados
Dithmenos
Elyvilon
Fedhas
Gozag
Hepliaklqana
Nemelex Xobeh
Okawaru
Qazlal
Ru
Sif Muna
Trog
Uskayaw
Vehumet
Wu Jian
Yredelemnul
Zin
The Shining One


Innate Abilities, Weirdness & Mutations

You have sharp fingernails.
You have a moderately thin skeletal structure. (Dex +4, Stealth++)
((A weak demonic guardian rushes to your aid.))
You are mostly covered in sharp spines.


Message History

The orc wizard closely misses you.
The orc warrior is struck by your spines.
The orc warrior hits you with a +0 short sword.
The orc hits you with a +0 war axe.
You hit the two-headed ogre.
The two-headed ogre is heavily wounded.
The two-headed ogre is struck by your spines.
The two-headed ogre closely misses you.
The two-headed ogre hits you with a +0 giant spiked club!
The orc wizard hits you with a +0 dagger.
The orc warrior hits you with a +0 short sword.
* * * LOW HITPOINT WARNING * * *
The orc completely misses you.
Okay, then.
The orc wizard points at you and mumbles some strange words.
The magic dart hits you!
* * * LOW HITPOINT WARNING * * *
The orc wizard is struck by your spines.
The orc wizard hits you but does no damage.
The orc warrior hits you but does no damage.
You hit the orc warrior but do no damage.
The orc warrior looks as sick as possible!
The orc warrior is severely wounded.
The orc wizard is struck by your spines.
You kill the orc wizard!
Okawaru accepts your kill. The orc hits you but does no damage.
The orc warrior is struck by your spines.
The orc warrior hits you with a +0 short sword!
* * * LOW HITPOINT WARNING * * *
You have reached level 10!
You hit the two-headed ogre.
The two-headed ogre looks as sick as possible!
The two-headed ogre is severely wounded.
The orc hits you but does no damage.
The orc warrior hits you with a +0 short sword!
* * * LOW HITPOINT WARNING * * *
The two-headed ogre is struck by your spines.
The two-headed ogre hits you with a +0 giant club!
You die...

#..........#
#..........#
+..........#
#.......:..#
#..........#
#........).#
#........).#
#........Oo#
#.......Zo@#
############


You could see a two-headed ogre (extremely poisoned), an orc warrior (extremely
poisoned), an orc and a wyvern zombie.

Vanquished Creatures
  Pikel (D:6)
  A gargoyle (D:7)
  Prince Ribbit (D:5)
  Grinder (D:3)
  Sigmund (D:4)
  A wyvern (D:7)
  3 vampire mosquitoes (D:7)
  A water moccasin (D:7)
  An ice beast (D:4)
  2 black bears
  2 orc warriors (D:7)
  3 necrophages
  A phantom (D:7)
  A bullfrog (D:7)
  A wyvern zombie (D:5)
  5 wights
  A howler monkey (D:6)
  4 hounds
  2 jellies
  2 orc priests
  A gnoll shaman (D:4)
  Ijyb (D:5)
  3 iguanas (D:6)
  4 orc wizards
  A hound zombie (D:5)
  Robin (D:2)
  9 gnolls
  14 adders
  A howler monkey skeleton (D:5)
  A shadow imp (D:7)
  2 ufetubi
  A worm (D:3)
  2 dart slugs
  15 orcs
  2 ball pythons (D:3)
  10 bats
  3 endoplasms
  8 giant cockroaches
  12 goblins
  9 hobgoblins
  3 jackals (D:1)
  5 kobolds
  6 quokkas
  2 frilled lizards (D:1)
  A jackal skeleton (D:4)
  A quokka skeleton (D:4)
  2 rats
155 creatures vanquished.

Vanquished Creatures (others)
  12 plants (D:4)
12 creatures vanquished.

Grand Total: 167 creatures vanquished

Notes
Turn   | Place    | Note
-------+----------+-------------------------------------------
     0 | D:1      | DocClef the Demonspawn Gladiator began the quest for the
                  | Orb.
     0 | D:1      | Reached XP level 1. HP: 16/16 MP: 1/1
   123 | D:1      | Gained mutation: You are partially covered in sharp spines.
                  | [demonic ancestry]
   123 | D:1      | Reached XP level 2. HP: 22/22 MP: 2/2
   306 | D:1      | Found a faded altar of an unknown god.
   438 | D:1      | Reached XP level 3. HP: 24/27 MP: 3/3
  1229 | D:2      | Gained mutation: You have sharp fingernails. [demonic
                  | ancestry]
  1229 | D:2      | Reached XP level 4. HP: 29/33 MP: 4/4
  1232 | D:2      | Noticed Robin
  1259 | D:2      | Killed Robin
  1672 | D:3      | Found a hide-covered altar of Uskayaw.
  2192 | D:3      | Reached skill level 1 in Short Blades
  2324 | D:4      | Noticed a black bear
  2329 | D:4      | Killed a black bear
  2330 | D:4      | Gained mutation: A weak demonic guardian rushes to your
                  | aid. [demonic ancestry]
  2330 | D:4      | Reached XP level 5. HP: 41/41 MP: 5/5
  2402 | D:4      | Identified the +5 ring mail of Omission {rF+ rN++ Dex+4
                  | Slay+2}
  2617 | D:4      | Noticed Grinder
  2638 | D:4      | Gained mutation: You have a somewhat thin skeletal
                  | structure. (Dex +2, Stealth+) [demonic ancestry]
  2638 | D:4      | Reached XP level 6. HP: 45/48 MP: 6/6
  2641 | D:4      | Reached skill level 1 in Unarmed Combat
  2641 | D:4      | Noticed Sigmund
  2672 | D:3      | Paralysed by Grinder for 3 turns
  2680 | D:3      | Killed Grinder
  2681 | D:3      | Reached skill level 3 in Unarmed Combat
  2824 | D:4      | Killed Sigmund
  2825 | D:4      | Reached XP level 7. HP: 55/55 MP: 7/7
  2882 | D:4      | Reached skill level 4 in Unarmed Combat
  3101 | D:4      | Reached skill level 5 in Fighting
  3811 | D:5      | Entered Level 5 of the Dungeon
  3811 | D:5      | Noticed Prince Ribbit
  3821 | D:5      | Killed Prince Ribbit
  3822 | D:5      | Reached skill level 5 in Unarmed Combat
  3822 | D:5      | Gained mutation: You are mostly covered in sharp spines.
                  | [demonic ancestry]
  3822 | D:5      | Reached XP level 8. HP: 63/63 MP: 8/8
  3846 | D:5      | Noticed Ijyb
  3855 | D:5      | Killed Ijyb
  4019 | D:5      | Found an ornate altar of the Wu Jian Council.
  4077 | D:5      | Found a staircase to the Ecumenical Temple.
  4098 | Temple   | Entered the Ecumenical Temple
  4291 | Temple   | Became a worshipper of Warmaster Okawaru
  4435 | D:5      | Reached skill level 6 in Unarmed Combat
  5014 | D:6      | Identified the +1 leather armour of the First Wars {Fly
                  | rElec rF++ Dex-3}
  5167 | D:6      | Noticed Pikel
  5181 | D:6      | Killed Pikel
  5181 | D:6      | Reached * piety under Okawaru
  5182 | D:6      | Reached skill level 7 in Unarmed Combat
  5191 | D:6      | Gained mutation: You have a moderately thin skeletal
                  | structure. (Dex +4, Stealth++) [demonic ancestry]
  5191 | D:6      | Reached XP level 9. HP: 70/71 MP: 9/9
  5582 | D:7      | Found a sacrificial altar of Ru.
  5634 | D:7      | Reached skill level 8 in Unarmed Combat
  5675 | D:7      | Reached ** piety under Okawaru
  5735 | D:7      | Noticed a gargoyle
  5739 | D:7      | Found a faded altar of an unknown god.
  5740 | D:7      | Found a hazy altar of Hepliaklqana.
  5757 | D:7      | Killed a gargoyle
  5758 | D:7      | Reached skill level 9 in Unarmed Combat
  6087 | D:7      | Reached *** piety under Okawaru
  6276 | D:8      | You fall into a shaft and drop 1 floor!
  6277 | D:9      | Noticed a two-headed ogre
  6293 | D:9      | Reached XP level 10. HP: 8/82 MP: 8/10
  6293 | D:9      | HP: 2/82 [orc warrior/+0 short sword (7)]
  6293 | D:9      | Mangled by a two-headed ogre

Illustrated notes

Levels and vault maps discovered:
D:1:      dpeg_arrival_stone_temple_mockup, layout_basic,
          shapermc_ecumenical_altar_totnotflames, chequers_decorated_corner,
          minmay_pentomino_p2
D:2:      layout_basic, uniq_robin
D:3:      layout_loops_cross, mainiacjoe_overflow_small_starburst, st_stairs_6
D:4:      layout_layer_cave, serial_bayou, serial_bayou_pond_b,
          serial_bayou_ford_a, serial_bayou_pond_d, serial_bayou_lake_a,
          nicolae_grassy_gnolls, uniq_grinder, uniq_sigmund
D:5:      layout_loops_ring, nzn_wu_jian_council_hall, minmay_temple_entry_mist,
          uniq_prince_ribbit1, uniq_ijyb
D:6:      layout_basic, uniq_pikel
D:7:      layout_cave_pools, amcnicky_altar_gilded,
          beargit_hepliaklqana_dungeon_heroes
D:8:      layout_loops_ring, dpeg_oklobed_lair
D:9:      layout_roguey, grunt_temple_overflow_champion_of_chaos,
          nicolae_elevator_lobby_plus, uniq_erolcha
Temple:   regret_index_temple_generic_petals

Skill      XL: |  1  2  3  4  5  6  7  8  9 |
---------------+----------------------------+-----
Axes           | 3 4 |  4.8
Short Blades   | 1 |  1.0
Fighting       | 3 4 5 6 8 |  8.9
Unarmed Combat | 3 5 7 9 |  9.6
Throwing       | |  1.7
Dodging        | |  2.6

Action                   |  1- 3 |  4- 6 |  7- 9 | 10-12 || total
-------------------------+-------+-------+-------+-------++-------
Melee: War axe           |    80 |    18 |       |       ||    98
       Short sword       |       |    51 |   219 |     1 ||   271
       Punch             |       |       |    18 |       ||    18
Invok: Heroism           |       |       |     2 |       ||     2
  Use: Potion            |       |       |     6 |       ||     6
 Stab: Sleeping          |       |     1 |     9 |       ||    10
       Distracted        |       |       |     1 |       ||     1
Armor: Leather armour    |    35 |    14 |       |       ||    49
       Ring mail         |       |     9 |    80 |     1 ||    90
Dodge: Dodged            |    66 |    38 |   141 |       ||   245
